 Dungeon Crawl Stone Soup version 0.25-a0-558-g78a2afb0af (webtiles) character file.

Game seed: 4407817239241147225, levelgen mode: classic

499 EnegeticOcto the Chopper (level 6, 56/58 HPs)
             Began as a Deep Dwarf Fighter on Feb 24, 2020.
             Quit the game in the Ecumenical Temple.
             The game lasted 00:01:37 (1641 turns).

EnegeticOcto the Chopper (Deep Dwarf Fighter)       Turns: 1641, Time: 00:01:37

Health: 56/58      AC:  9    Str: 22    XL:     6   Next: 94%
Magic:  4/4        EV:  7    Int:  8    God:
Gold:   127        SH: 10    Dex: 12    Spells: 5/5 levels left

rFire    + . .     SeeInvis .   a - +0 war axe
rCold    . . .     Gourm    .   c - +0 kite shield
rNeg     . . .     Faith    .   f - +0 chain mail
rPois    .         Spirit   .   (no helmet)
rElec    .         Reflect  .   (no cloak)
rCorr    .         Harm     .   (no gloves)
MR       .....                  (no boots)
Stlth    ..........             (no amulet)
HPRegen  0.00/turn              q - ring of protection from fire
MPRegen  0.09/turn              (no ring)

@: non-regenerating, very slow
A: damage resistance, heal wounds, sense surroundings 1, no regeneration
a: Heal Wounds


You were in the Ecumenical Temple.
You were full.

You visited 2 branches of the dungeon, and saw 6 of its levels.

You collected 127 gold pieces.

Inventory:

Hand Weapons
 a - a +0 war axe (weapon)
Armour
 c - a +0 kite shield (worn)
 f - a +0 chain mail (worn)
Jewellery
 q - a ring of protection from fire (left hand)
Wands
 m - a wand of scattershot (4)
Scrolls
 d - a scroll of immolation {unknown}
 g - 3 scrolls of identify {unknown}
Potions
 b - a potion of berserk rage {unknown}
 i - a potion of curing {unknown}
 k - 2 potions of might {@q3}
 p - a potion of cancellation {unknown}
Comestibles
 e - 7 rations


   Skills:
 * Level 4.5 Fighting
 * Level 4.8 Axes
 + Level 4.4 Armour
 + Level 2.5 Dodging
 + Level 4.4 Shields


You had 5 spell levels left.
You didn't know any spells.
Your spell library was empty.

Dungeon Overview and Level Annotations

Branches:
Dungeon (5/15)             Temple (1/1) D:5

Altars:
Ashenzari
Fedhas
Hepliaklqana
Kikubaaqudgha
Nemelex Xobeh
Okawaru
Qazlal
Ru
Sif Muna
Trog
Uskayaw
Wu Jian
Xom
Yredelemnul
Zin
The Shining One


Innate Abilities, Weirdness & Mutations

You are resistant to damage.
You can heal yourself by infusing magical energy.
You passively map a small area around you.
You do not regenerate.


Message History

The sky beast hits you but does no damage. x2
You slash the sky beast!
The sky beast is moderately wounded.
The sky beast hits you but does no damage.
You barely miss the sky beast.
The sky beast is moderately wounded.
You block the sky beast's attack.
You closely miss the sky beast.
The sky beast is moderately wounded.
The sky beast barely misses you.
The sky beast flickers out of sight!
Deactivating autopickup; reactivate with Ctrl-A.
You block something's attack.
No target in view!
No target in view!
No target in view!
No target in view!
No target in view!
You slash something! Something hits you. Something shocks you.
You miss something. Something hits you but does no damage.
You miss something. Something hits you. Something shocks you.
Something hits you. Something shocks you.
You closely miss something. Something hits you but does no damage.
You closely miss something.
A sky beast appears from thin air!
Reactivating autopickup.
The sky beast barely misses you.
You closely miss the sky beast.
The sky beast is heavily wounded.
The sky beast hits you but does no damage.
The sky beast flickers out of sight!
Deactivating autopickup; reactivate with Ctrl-A.
You block something's attack.
You miss something. You block something's attack.
You closely miss something.
A sky beast appears from thin air!
Reactivating autopickup.
You block the sky beast's attack.
You closely miss the sky beast.
The sky beast is heavily wounded.
The sky beast hits you but does no damage.
The sky beast flickers out of sight!
Deactivating autopickup; reactivate with Ctrl-A.
Something hits you but does no damage.
You closely miss something.
A sky beast appears from thin air!
Reactivating autopickup.
The sky beast closely misses you.
You slash the sky beast!
You kill the sky beast!
You feel much better.
You see here a sky beast corpse.
Found a stone staircase leading down.
Found a dagger.
Found a staircase to the Ecumenical Temple.
There is a staircase to the Ecumenical Temple here.
You climb downwards.
Welcome to the Ecumenical Temple!
There is a staircase back to the Dungeon here.
Found a glowing golden altar of the Shining One.
Found a shattered altar of Ashenzari and a hide-covered altar of Uskayaw.
Found an ornate altar of the Wu Jian Council.
Found a shimmering blue altar of Sif Muna.
Found a sacrificial altar of Ru.
You are near starving!
There is a sacrificial altar of Ru here.
Found a sparkling altar of Nemelex Xobeh.
Found a bloodstained altar of Trog and a hazy altar of Hepliaklqana.
You enter the shallow water.
Moving in this stuff is going to be slow.
Found a stormy altar of Qazlal.
There is a stormy altar of Qazlal here.
You enter the shallow water.
Moving in this stuff is going to be slow.
Found a glowing silver altar of Zin.
You enter the shallow water.
Moving in this stuff is going to be slow.
Found a basalt altar of Yredelemnul.
Found a shimmering altar of Xom.
You enter the shallow water.
Moving in this stuff is going to be slow.
You enter the shallow water.
Moving in this stuff is going to be slow.
You enter the shallow water.
Moving in this stuff is going to be slow.
You are starving!
You enter the shallow water.
Moving in this stuff is going to be slow.
You enter the shallow water.
Moving in this stuff is going to be slow.
Partly explored, can't reach some places.
You need to eat something NOW!
You need to eat something NOW!
You eat one of the 9 rations.
That ration really hit the spot!
You eat one of the 8 rations.
That ration really hit the spot!
Partly explored, can't reach some places.
Partly explored, can't reach some places.
Partly explored, can't reach some places.
Partly explored, can't reach some places.
Partly explored, can't reach some places.
Partly explored, can't reach some places.
Partly explored, can't reach some places.
Search for what [? for help]? mak Can't find anything matching that.
Are you sure you want to abandon this character and quit the game? (Confirm with "yes".)

* ♣♣♣♣♣♣ ♣ .....# * ≈≈♣♣ .....#♣
≈≈♣♣ .#._..♣ ♣≈≈♣ .#...♣♣♣♣♣
♣♣≈≈♣ ♣♣♣♣♣♣ ♣#....♣..♣♣ ♣♣≈≈♣
♣....♣♣ ♣........♣♣♣≈≈≈♣♣
♣.....♣ ♣♣♣......#..♣≈≈≈@♣♣♣
♣♣.._.♣♣♣♣
♣......_.....≈≈≈≈..♣♣♣........♣
............≈≈≈≈.....♣.#......♣♣
...........≈≈≈#................♣
#..#.....♣≈≈≈≈#._.............♣♣
..........≈≈≈................♣♣
.._.......≈≈≈≈♣....♣....._....♣
#...#......≈≈≈♣♣............♣♣♣
♣♣......♣..♣♣≈♣♣♣.........♣♣♣


There were no monsters in sight!

Vanquished Creatures
  Grinder (D:4)
  A sky beast (D:5)
  2 hounds (D:4)
  A worker ant (D:4)
  3 gnolls (D:3)
  4 adders
  An ooze (D:4)
  An adder skeleton (D:4)
  2 worms
  13 orcs
  4 giant cockroaches
  A goblin (D:3)
  3 hobgoblins
  4 jackals (D:4)
  3 kobolds
  2 quokkas
  A ball python (D:4)
  2 bats
  7 frilled lizards
  3 rats
59 creatures vanquished.

Notes
Turn   | Place    | Note
-------+----------+-------------------------------------------
     0 | D:1      | EnegeticOcto the Deep Dwarf Fighter began the quest for the
                  | Orb.
     0 | D:1      | Reached XP level 1. HP: 20/20 MP: 1/1
   167 | D:2      | Reached XP level 2. HP: 20/27 MP: 2/2
   358 | D:3      | Reached XP level 3. HP: 26/34 MP: 3/3
   363 | D:3      | Reached skill level 1 in Dodging
   567 | D:3      | Reached XP level 4. HP: 34/42 MP: 3/3
   779 | D:4      | Reached XP level 5. HP: 28/50 MP: 4/4
   854 | D:4      | Noticed Grinder
   869 | D:4      | Paralysed by Grinder for 3 turns
   881 | D:4      | Killed Grinder
   881 | D:4      | Reached XP level 6. HP: 41/57 MP: 4/4
  1313 | D:5      | Entered Level 5 of the Dungeon
  1316 | D:5      | Found a blossoming altar of Fedhas.
  1316 | D:5      | Found an iron altar of Okawaru.
  1318 | D:5      | Found an ancient bone altar of Kikubaaqudgha.
  1368 | D:5      | Noticed a sky beast
  1388 | D:5      | Killed a sky beast
  1404 | D:5      | Found a staircase to the Ecumenical Temple.
  1413 | Temple   | Entered the Ecumenical Temple
  1641 | Temple   | Quit the game

Levels and vault maps discovered:
D:1:      dpeg_arrival_concentric_ovals, layout_loops_ring
D:2:      layout_rooms, minmay_misc_feat_doors
D:3:      layout_loops_ring
D:4:      layout_gridville, first_ration, st_stairs_4, columned_hall_lemuel,
          uniq_grinder
D:5:      layout_basic, chequers_temple_overflow_statue_of_worship, uniq_sigmund
Temple:   oiseaux_autumnal_temple

Skill      XL: |  1  2  3  4  5 |
---------------+----------------+-----
Fighting       | 3 4 |  4.5
Dodging        | 1 2 |  2.5
Axes           | 3 4 |  4.8
Armour         | 4 |  4.4
Shields        | 4 |  4.4

Action                   |  1- 3 |  4- 6 || total
-------------------------+-------+-------++-------
Melee: War axe           |   135 |   133 ||   268
 Abil: Heal Wounds       |     3 |     4 ||     7
  Use: Scroll            |       |     4 ||     4
  Eat: Ration            |       |     2 ||     2
       Chunk             |       |     1 ||     1
Armor: Chain mail        |    73 |    90 ||   163
       Scale mail        |    10 |       ||    10
Dodge: Dodged            |    40 |    28 ||    68
Block: Kite shield       |    77 |    81 ||   158

Table legend:
 A = Non-vault XP
 B = Vault XP
 C = Vault XP percentage of total XP
 D = Non-vault monster count
 E = Vault monster count
 F = Vault count percentage of total count
                 A         B        C        D         E       F
            +---------+---------+-------+---------+---------+-------
      Total |     434 |     279 |  39.1 |      56 |       3 |   5.1
            +---------+---------+-------+---------+---------+-------
        D:1 |       8 |       0 |   0.0 |       6 |       0 |   0.0
        D:2 |      20 |       0 |   0.0 |       5 |       0 |   0.0
        D:3 |      91 |       0 |   0.0 |      26 |       0 |   0.0
        D:4 |     174 |     279 |  61.6 |      14 |       3 |  17.6
        D:5 |     141 |       0 |   0.0 |       5 |       0 |   0.0
            +---------+---------+-------+---------+---------+-------
